AoeStats
← Insanesticker

Arabia

506011077Analyzed
1v1 RM · 21d ago on Sep 12, 2026· 22m 54s· 2 players
Game mode
Random Map
Map size
Tiny (2 player)
Population
200
Speed
Normal
Resources
Standard
Victory
Conquest
Starting age
Dark Age
Ending age
Imperial Age
RankedLock teamsTeams togetherTeam positionsShared explorationLock speedFull tech treeHidden civsTurbo modeCheats
Victory
Defeat
🇦🇺 Britons · Australia
1021
+16
🇩🇪 Burmese · Germany
1028
-16
Insanesticker
9:41 Loom
11:26 Feudal Age
16:52 Castle Age
pohlsebastian76
6:43 Loom
10:00 Feudal Age
12:26 Man-at-Arms
15:56 Wheelbarrow
15:07 Town Watch
20:42 Castle Age
22:04 Pikeman
22:45 Squires
Connection lost

Rejoining the realm…

Still unreachable

The connection could not be restored.

Session expired

The server has moved on; the page needs a fresh start.